 Dungeon Crawl Stone Soup version 0.15.0-12-gccce430 (webtiles) character file.

5358 Johnny the Archer (level 10, 0/74 HPs)
             Began as a Demigod Hunter on Sept 1, 2014.
             Slain by a wyvern (11 damage)
             ... on Level 10 of the Dungeon.
             The game lasted 00:42:10 (12080 turns).

Johnny the Archer (Demigod Hunter)                 Turns: 12080, Time: 00:42:10

HP   0/74        AC 14     Str 16      XL: 10   Next: 16%
MP  26/26        EV  6     Int 16      God:
Gold 330         SH  0     Dex 22      Spells:  0 memorised,  9 levels left

rFire  . . .     SeeInvis .     b - +1 shortbow
rCold  + . .     Clarity  .     M - +1 chain mail {MR+}
rNeg   . . .     rCorr    .     (no shield)
rPois  .         rRot     .     L - +1 helmet
rElec  .         Spirit   .     (no cloak)
SustAb .         Warding  .     (no gloves)
rMut   .         Stasis   .     C - +0 pair of boots
Gourm  .                        N - amulet of rage
MR     ++...                    v - ring of protection from cold
                                r - ring of magical power

@: very resistant to hostile enchantments, extremely unstealthy
A: no striking features
a: Evoke Berserk Rage


You were on level 10 of the Dungeon.
You were very hungry.

You visited 1 branch of the dungeon, and saw 10 of its levels.

You collected 406 gold pieces.
You spent 76 gold pieces at shops.

Inventory:

Hand weapons
 b - a +1 shortbow (weapon)
 n - a +1 mace of holy wrath
 t - a +2 war axe of flaming
Missiles
 c - 21 arrows (quivered)
 D - 30 bolts
 O - 14 arrows of dispersal
Armour
 m - a +0 scale mail
 C - a +0 pair of boots (worn)
 L - a +1 helmet (worn)
 M - a +1 chain mail of magic resistance (worn)
Magical devices
 y - a wand of slowing (16)
 A - a wand of cold (0)
 J - a wand of confusion (0)
Comestibles
 f - 11 bread rations
 B - 7 beef jerkies
 Q - 2 meat rations
Scrolls
 d - 2 scrolls of identify
 h - a scroll of magic mapping
 j - 2 scrolls of remove curse
 l - 3 scrolls of teleportation
 p - 2 scrolls of enchant weapon
 u - 3 scrolls of fog
 w - 2 scrolls of recharging
 z - a scroll of amnesia {unknown}
 I - 3 scrolls of random uselessness {unknown}
 K - 3 scrolls of enchant armour
 P - a scroll of fear
Jewellery
 i - an uncursed ring of invisibility {unknown}
 k - a cursed ring of ice
 r - a ring of magical power (left hand)
 s - an uncursed ring of loudness
 v - a ring of protection from cold (right hand)
 N - an amulet of rage (around neck)
Potions
 e - 2 potions of restore abilities
 g - a potion of poison
 o - 4 potions of might
 q - a potion of lignification {unknown}
 x - a potion of magic {unknown}
 E - a potion of mutation {unknown}
 F - 2 potions of berserk rage {unknown}
 G - 4 potions of brilliance
 R - a potion of curing
 S - a potion of flight {unknown}
Books
 a - a book of Control

   Spells                             Type                      Level
   Control Teleport                   Charms/Translocation         4
   Control Undead                     Necromancy                   4
   Enslavement                        Hexes                        4
   Metabolic Englaciation             Hexes/Ice                    5
   Mass Confusion                     Hexes                        6
 H - a book of Power

   Spells                             Type                      Level
   Fulminant Prism                    Conjuration/Hexes            4
   Iskenderun's Mystic Blast          Conjuration                  4
   Venom Bolt                         Conjuration/Poison           5
   Bolt of Magma                      Conjuration/Fire/Earth       5
   Iron Shot                          Conjuration/Earth            6
   Orb of Destruction                 Conjuration                  7


   Skills:
 + Level 2.3 Fighting
 + Level 1.3 Axes
 + Level 12.3 Bows
 + Level 5.2 Armour
 + Level 4.1 Dodging
 + Level 1.9 Stealth
 + Level 0.4 Evocations


You had 9 spell levels left.
You didn't know any spells.

Dungeon Overview and Level Annotations

Branches:
Dungeon (10/15)            Temple (0/1) D:6
    Orc: D:9-12        Lair: D:8-11

Shops:
D:7 *   D:10 :


Message History

You shoot an arrow. The arrow closely misses the wyvern.
The wyvern bites you.
* * * LOW HITPOINT WARNING * * *
Firing (i - inventory. (,) - cycle):
c - 24 arrows (quivered)
Press: ? - help, Shift-Dir - straight line, f/p - wyvern
Aim: a wyvern (heavily wounded)
You shoot an arrow. The arrow closely misses the wyvern.
The wyvern bites you but does no damage.
Firing (i - inventory. (,) - cycle):
c - 23 arrows (quivered)
Press: ? - help, Shift-Dir - straight line, f/p - wyvern
Aim: a wyvern (heavily wounded)
You shoot an arrow. The arrow hits the wyvern.
The wyvern is severely wounded.
The wyvern barely misses you.
Firing (i - inventory. (,) - cycle):
c - 22 arrows (quivered)
Press: ? - help, Shift-Dir - straight line, f/p - wyvern
Aim: a wyvern (severely wounded)
You shoot an arrow. The arrow hits the wyvern.
The wyvern is almost dead.
The wyvern bites you!
You die...

#(#.#...#...#.#...
..#.#<..#.........
#)#.#...#.#%#.####
#...#...#.#.#.#...
#(......#.#.#.#.## .
#(..#..##.#.#.#.## ≈≈(
#.#.......#.#.#.## .(≈;≈
#D#...........#.## .(((.
#@#.......#.###.## .≈≈...
#.#.........###.##
.......##.#.............##
..((((...(#.#..##.........
..........(.............#.
.......#######.########.#.
....(. #.# #.#. ..((. #>#
#.#. ..... #.# #.##


You could see a wyvern.

Vanquished Creatures
  A cyclops (D:10)
  A centaur zombie (D:8)
  A troll (D:9)
  A two-headed ogre (D:9)
  A hungry ghost (D:9)
  A steam dragon (D:10)
  A sky beast (D:7)
  3 orc warriors
  4 ice beasts
  4 phantoms
  A black bear (D:6)
  A yellow wasp (D:8)
  3 ogres
  5 centaurs
  7 giant frogs
  2 scorpions
  A troll skeleton (D:7)
  An electric eel (D:10)
  6 crimson imps
  2 jellies
  5 orc priests
  A giant frog skeleton (D:6)
  2 hounds
  2 iguanas
  15 orc wizards
  4 worker ants
  Ijyb (D:5)
  2 mummies
  A gnoll (D:8)
  A green rat (D:3)
  5 adders
  3 giant mites
  3 shadow imps
  3 worms
  5 giant geckos
  47 orcs
  2 ball pythons (D:3)
  9 giant cockroaches
  12 goblins
  19 hobgoblins
  11 jackals
  An ooze (D:7)
  3 quokkas
  13 bats
  A giant gecko skeleton (D:6)
  4 giant newts
  A giant spore (D:3)
  A goblin skeleton (D:5)
  14 kobolds
  2 orc zombies (D:9)
  A quokka skeleton (D:4)
  20 rats
  5 ballistomycetes
266 creatures vanquished.

Vanquished Creatures (others)
  3 giant spores
3 creatures vanquished.

Grand Total: 269 creatures vanquished

Notes
Turn   | Place    | Note
--------------------------------------------------------------
     0 | D:1      | Johnny, the Demigod Hunter, began the quest for the Orb.
     0 | D:1      | Reached XP level 1. HP: 15/15 MP: 2/2
   123 | D:1      | Reached skill level 4 in Bows
   158 | D:1      | Reached XP level 2. HP: 22/22 MP: 3/3
   954 | D:2      | Reached XP level 3. HP: 27/27 MP: 5/5
  1256 | D:2      | Found a white marble altar of Elyvilon.
  1260 | D:2      | Found a sparkling altar of Nemelex Xobeh.
  1631 | D:3      | Reached skill level 1 in Fighting
  1680 | D:3      | Reached XP level 4. HP: 31/35 MP: 7/7
  1789 | D:3      | Reached skill level 5 in Bows
  1996 | D:3      | Noticed a giant frog
  1999 | D:3      | Killed a giant frog
  1999 | D:3      | Reached skill level 1 in Armour
  1999 | D:3      | Reached skill level 1 in Stealth
  1999 | D:3      | Reached XP level 5. HP: 40/40 MP: 8/8
  2258 | D:3      | Reached skill level 6 in Bows
  2927 | D:4      | Found a bloodstained altar of Trog.
  2972 | D:4      | Reached XP level 6. HP: 47/47 MP: 10/10
  3080 | D:4      | Noticed a phantom
  3095 | D:4      | Killed a phantom
  3515 | D:5      | Entered Level 5 of the Dungeon
  3641 | D:5      | Reached skill level 7 in Bows
  3785 | D:5      | Reached XP level 7. HP: 28/52 MP: 12/12
  3925 | D:5      | Noticed Ijyb
  3945 | D:5      | Killed Ijyb
  4393 | D:5      | Reached skill level 8 in Bows
  4730 | D:6      | Found a staircase to the Ecumenical Temple.
  5314 | D:6      | Reached XP level 8. HP: 32/59 MP: 13/13
  5325 | D:5      | Reached skill level 9 in Bows
  6482 | D:7      | Found Psucror's Assorted Antiques.
  6503 | D:7      | Bought a scroll of identify for 38 gold pieces
  6503 | D:7      | Bought a scroll of identify for 38 gold pieces
  6597 | D:6      | Reached skill level 10 in Bows
  7181 | D:7      | Found an ancient bone altar of Kikubaaqudgha.
  7625 | D:8      | Noticed a centaur zombie
  7644 | D:8      | Killed a centaur zombie
  7644 | D:8      | Reached XP level 9. HP: 59/67 MP: 15/15
  8006 | D:8      | Paralysed by a yellow wasp for 3 turns
  8021 | D:8      | Reached skill level 11 in Bows
  8454 | D:8      | HP: 3/67 [poison (a potion of poison)]
  9104 | D:8      | Found a snail-covered altar of Cheibriados.
  9841 | D:9      | Reached skill level 12 in Bows
 10431 | D:9      | Found a bloodstained altar of Trog.
 11137 | D:9      | Reached skill level 1 in Axes
 11137 | D:9      | Reached skill level 5 in Armour
 11137 | D:9      | Reached XP level 10. HP: 74/74 MP: 17/17
 11163 | D:10     | Entered Level 10 of the Dungeon
 11197 | D:10     | Found Plog's Book Shop.
 11372 | D:10     | Noticed a cyclops
 11389 | D:10     | Killed a cyclops
 11646 | D:10     | HP: 2/74 [electric eel/bolt of electricity (7)]
 12080 | D:10     | Slain by a wyvern

Action                   |  1- 3 |  4- 6 |  7- 9 | 10-12 || total
-------------------------+-------+-------+-------+-------++-------
Melee: Falchion          |       |     7 |       |       ||     7
       Long sword        |       |     3 |       |       ||     3
       War axe           |       |       |    94 |       ||    94
 Fire: Shortbow          |   119 |   283 |   678 |    85 ||  1165
Evoke: Wand              |       |       |    21 |       ||    21
  Use: Scroll            |       |     6 |    16 |       ||    22
       Potion            |       |     3 |     6 |       ||     9
  Eat: Chunk             |     2 |     5 |     5 |       ||    12
       Fruit             |       |     1 |     3 |       ||     4
       Beef jerky        |       |       |     3 |       ||     3
       Bread ration      |       |       |     1 |       ||     1
       Pizza             |       |       |     1 |       ||     1
       Meat ration       |       |       |     2 |       ||     2
